 Dungeon Crawl Stone Soup version 0.22-a0-480-g991dd4b (webtiles) character file.

678923 epen the Cloud Mage (level 27, -6/224 HPs)
             Began as an Octopode Monk on June 16, 2018.
             Was the Champion of Cheibriados.
             Killed from afar by a Brimstone Fiend (39 damage)
             ... with damnation
             ... in Pandemonium.
             The game lasted 02:49:38 (51467 turns).

epen the Cloud Mage (Octopode Monk)                Turns: 51467, Time: 02:49:39

Health: -6/224     AC: 45    Str: 21      XL:     27
Magic:  52/58      EV: 34    Int: 31 (32) God:    Cheibriados [******]
Gold:   5757       SH: 26    Dex: 45      Spells: 34/61 levels left

rFire    + + .     SeeInvis +     - Unarmed
rCold    + + .     Gourm    .   K - +2 shield {AC+3}
rNeg     + + +     Faith    .   w - +5 hat "Xeiron" {+Blink MR+++ Int-5 SInv}
rPois    ∞         Spirit   .   m - amulet "Kiurraro" {Reflect *Slow MP+9 Slay+2 SH+6 SInv}
rElec    +         Reflect  +   k - ring of magical power
rCorr    +         Harm     .   u - ring of Robustness {AC+8}
MR       +++++     Rnd*Rage +   Q - ring of Mesel {rC+ rN+} Stlth +++++++...Rnd*Tele +
                                E - ring of wizardry
HPRegen  0.47/turn              N - ring of protection from fire
MPRegen  0.36/turn              q - ring "Zumu" {rCorr rPois Dex+3 Slay+3}
                                U - ring "Ylateh" {rC+ rN+ Int+5}
                                P - ring "Hear" {rN+ MR+ Dex+4 Stlth+}

@: statue-form, berserk cooldown, slowed, studying Shields, deflect missiles,
very slow
A: almost no armour, stealthy swim, amphibious, 8 rings, constrict 8, camouflage
1, berserk 1, deterioration 1, fire resistance 1, frail 1, low mp 1, magic
resistance 1, teleportitis 1, weak 2
}: 5/15 runes: decaying, slimy, silver, abyssal, gossamer
a: End Transformation, Bend Time, Temporal Distortion, Slouch, Step From Time,
Renounce Religion, Evoke Blink


You were in Pandemonium.
You worshipped Cheibriados.
Cheibriados was exalted by your worship.
You were not hungry.
You were a stone statue.
You visited 11 branches of the dungeon, and saw 53 of its levels.
You visited Pandemonium 1 time, and saw 1 of its levels.
You visited the Abyss 2 times.
You also visited: Ice Cave and Wizlab.

You collected 7818 gold pieces.
You spent 2061 gold pieces at shops.

Inventory:

Hand Weapons
 e - the +9 sword of Zonguldrok {reap}
   (You found it in a wizard's laboratory)

   If a monster killed with it leaves a corpse in good enough shape, the corpse
   will be animated as a zombie friendly to the killer.
 V - the +8 trident of the Octopus King {venom, rElec rPois MR+}
   (You found it on level 7 of the Dungeon)

   It poisons the flesh of those it strikes.
   It insulates you from electricity.
   It protects you from poison.
   It affects your resistance to hostile enchantments.
Missiles
 Y - 3 throwing nets (quivered)
Armour
 w - the +5 hat "Xeiron" (worn) {+Blink MR+++ Int-5 SInv}
   (You acquired it on level 3 of the Depths)

   It affects your intelligence (-5).
   It affects your resistance to hostile enchantments.
   It lets you see invisible.
   It lets you blink.
 K - a +2 shield of protection (worn)
Jewellery
 k - a ring of magical power (left tentacle)
 m - the amulet "Kiurraro" (around mantle) {Reflect *Slow MP+9 Slay+2 SH+6 SInv}
   (You found it on level 5 of the Pits of Slime)

   [amulet of reflection]

   It shields you and reflects attacks.
   It affects your accuracy and damage with ranged weapons and melee attacks
   (+2).
   It affects your magic capacity (+9).
   It lets you see invisible.
   It may slow you when you take damage.
   It affects your SH (+6).
 n - the ring of Foyr {rCorr rPois rC+ Str+6 Int-5}
   (You found it on level 5 of the Pits of Slime)

   [ring of resist corrosion]

   It affects your strength (+6).
   It affects your intelligence (-5).
   It protects you from cold.
   It protects you from poison.
 q - the ring "Zumu" (on tentacle) {rCorr rPois Dex+3 Slay+3}
   (You found it on level 3 of the Crypt)

   [ring of resist corrosion]

   It affects your dexterity (+3).
   It affects your accuracy and damage with ranged weapons and melee attacks
   (+3).
   It protects you from poison.
 u - the ring of Robustness (right tentacle) {AC+8}
   (You took it off a deep elf archer on level 3 of the Elven Halls)

   [ring of protection]

   It affects your AC (+8).
 E - a ring of wizardry (on tentacle)
 N - a ring of protection from fire (on tentacle)
 P - the ring "Hear" (on tentacle) {rN+ MR+ Dex+4 Stlth+}
   (You took it off a vault sentinel on level 5 of the Vaults)

   [ring of positive energy]

   It affects your dexterity (+4).
   It protects you from negative energy.
   It affects your resistance to hostile enchantments.
   It makes you more stealthy.
 Q - the ring of Mesel (on tentacle) {rC+ rN+}
   (You found it on level 1 of the Elven Halls)

   [ring of positive energy]

   It protects you from cold.
   It protects you from negative energy.
 U - the ring "Ylateh" (on tentacle) {rC+ rN+ Int+5}
   (You found it on level 7 of the Dungeon)

   [ring of protection from cold]

   It affects your intelligence (+5).
   It protects you from cold.
   It protects you from negative energy.
Wands
 o - a wand of digging (39)
 s - a wand of flame (9)
 t - a wand of paralysis (9)
Scrolls
 b - 32 scrolls of remove curse
 c - 8 scrolls of fear
 g - 5 scrolls of blinking
 y - 6 scrolls of enchant armour
 C - 28 scrolls of identify
 D - 11 scrolls of magic mapping
 H - 21 scrolls of teleportation
 I - 2 scrolls of holy word
 O - 4 scrolls of enchant weapon
 R - 3 scrolls of silence
 S - 3 scrolls of summoning
 T - 7 scrolls of amnesia
 X - 12 scrolls of fog
 Z - 7 scrolls of immolation
Potions
 d - 4 potions of cancellation
 f - 11 potions of flight
 h - 5 potions of agility
 i - 26 potions of curing
 j - 3 potions of heal wounds
 l - 11 potions of brilliance
 p - 2 potions of might
 v - 3 potions of invisibility
 z - 3 potions of magic
 B - 4 potions of resistance
 W - 12 potions of ambrosia
Books
 r - a manual of Shields
Comestibles
 a - 75 rations


   Skills:
 * Level 17.3 Fighting
 * Level 15.0 Dodging
 - Level 5.9 Stealth
 + Level 16.9 Shields
 + Level 16.4 Unarmed Combat
 + Level 17.5 Spellcasting
 + Level 7.8 Charms
 - Level 12.3 Transmutations
 * Level 23.5 Air Magic
 - Level 12.3 Earth Magic
 + Level 16.7 Invocations


You had 34 spell levels left.
You knew the following spells:

 Your Spells              Type           Power        Failure   Level  Hunger
a - Apportation           Tloc           ####..       1%          1    None
b - Statue Form           Tmut/Erth      #######..    1%          6    #......
c - Tornado               Air            ########..   4%          9    #######
d - Regeneration          Chrm/Necr      ######....   1%          3    None
e - Blink                 Tloc           N/A          1%          2    None
f - Deflect Missiles      Chrm/Air       #######...   1%          6    #......

Your spell library contained the following spells:

 Spells                   Type           Power        Failure   Level  Hunger
 Cause Fear               Hex            ####......   6%          4    None
 Magic Dart               Conj           ####         1%          1    None
 Fireball                 Conj/Fire      ####......   16%         5    None
 Conjure Flame            Conj/Fire      ####....     1%          3    None
 Bolt of Fire             Conj/Fire      ####......   65%         6    #......
 Lightning Bolt           Conj/Air       #######...   1%          5    None
 Bolt of Magma            Conj/Fire/Erth ######....   3%          5    None
 Slow                     Hex            ####....     1%          2    None
 Confuse                  Hex            ####....     1%          3    None
 Invisibility             Hex            ####....     65%         6    #......
 Throw Flame              Conj/Fire      ####..       1%          2    None
 Throw Frost              Conj/Ice       ####..       1%          2    None
 Mephitic Cloud           Conj/Pois/Air  ######..     1%          3    None
 Ring of Flames           Chrm/Fire      ######....   67%         7    ####...
 Teleport Other           Tloc           ####....     1%          3    None
 Death's Door             Chrm/Necr      ######....   100%        8    ######.
 Summon Small Mammal      Summ           ####         1%          1    None
 Bolt of Draining         Conj/Necr      ####......   16%         5    None
 Iskenderun's Mystic Bla  Conj           ####....     6%          4    None
 Animate Dead             Necr           N/A          6%          4    None
 Pain                     Necr           ####         1%          1    None
 Animate Skeleton         Necr           N/A          1%          1    None
 Vampiric Draining        Necr           ####......   1%          3    None
 Haunt                    Necr/Summ      ####......   99%         7    ####...
 Borgnjor's Revivificati  Necr           ####......   100%        8    ######.
 Freeze                   Ice            ####         1%          1    None
 Sticky Flame             Conj/Fire      ####....     6%          4    None
 Summon Ice Beast         Ice/Summ       ####....     6%          4    None
 Ozocubu's Armour         Chrm/Ice       ######..     1%          3    None
 Call Imp                 Summ           ####....     1%          2    None
 Dispel Undead            Necr           ####....     16%         5    None
 Sublimation of Blood     Necr           ####......   1%          2    None
 Tukima's Dance           Hex            ####....     1%          3    None
 Corpse Rot               Necr           N/A          1%          2    None
 Iron Shot                Conj/Erth      ######....   8%          6    #......
 Stone Arrow              Conj/Erth      ######       1%          3    None
 Swiftness                Chrm/Air       #######.     0%          2    None
 Agony                    Necr           ####....     16%         5    None
 Spider Form              Tmut/Pois      ######....   1%          3    None
 Blade Hands              Tmut           #######...   1%          5    None
 Ice Form                 Ice/Tmut       ######..     1%          4    None
 Dragon Form              Tmut           #######...   3%          7    ####...
 Necromutation            Tmut/Necr      ######....   95%         8    ######.
 Throw Icicle             Conj/Ice       ####....     6%          4    None
 Confusing Touch          Hex            ####..       1%          1    None
 Flame Tongue             Conj/Fire      ####.        1%          1    None
 Passwall                 Tmut/Erth      #######.     0%          2    None
 Ignite Poison            Fire/Tmut/Pois ######..     1%          3    None
 Sticks to Snakes         Tmut           #######.     0%          2    None
 Call Canine Familiar     Summ           ####....     1%          3    None
 Summon Butterflies       Summ           ####....     1%          1    None
 Silence                  Hex/Air        #######...   1%          5    None
 Shatter                  Erth           #######...   98%         9    #######
 Static Discharge         Conj/Air       #######.     1%          3    None
 Corona                   Hex            ####...      1%          1    None
 Alistair's Intoxication  Tmut/Pois      ######..     1%          5    None
 Lee's Rapid Deconstruct  Erth           #######...   1%          5    None
 Sandblast                Erth           ######       0%          1    None
 Conjure Ball Lightning   Conj/Air       #######...   1%          6    #......
 Excruciating Wounds      Chrm/Necr      ######....   3%          5    None
 Portal Projectile        Hex/Tloc       ####..       1%          3    None
 Petrify                  Tmut/Erth      #######.     1%          4    None
 Passage of Golubria      Tloc           N/A          6%          4    None
 Malign Gateway           Summ/Tloc      ####......   99%         7    ####...
 Leda's Liquefaction      Hex/Erth       ######....   1%          4    None
 Summon Hydra             Summ           ####......   99%         7    ####...
 Darkness                 Hex            ####......   65%         6    #......
 Shroud of Golubria       Chrm/Tloc      ######....   1%          2    None
 Inner Flame              Hex/Fire       ####....     1%          3    None
 Beastly Appendage        Tmut           ######       0%          1    None
 Fulminant Prism          Conj/Hex       ####......   6%          4    None
 Dazzling Spray           Conj/Hex       ####..       1%          3    None
 Force Lance              Conj/Tloc      ####....     6%          4    None
 Infusion                 Chrm           ####         1%          1    None
 Song of Slaying          Chrm           ######..     1%          2    None
 Spectral Weapon          Hex/Chrm       ######..     1%          3    None
 Searing Ray              Conj           ####..       1%          2    None
 Summon Forest            Summ/Tloc      ####......   16%         5    None
 Summon Lightning Spire   Summ/Air       #######.     1%          4    None
 Summon Guardian Golem    Hex/Summ       ####....     1%          3    None
 Hydra Form               Tmut           #######...   1%          6    #......
 Irradiate                Conj/Tmut      ######....   1%          5    None
 Gell's Gravitas          Tloc           ####......   1%          3    None
 Yara's Violent Unravell  Hex/Tmut       ######....   1%          5    None
 Infestation              Necr           ####......   100%        8    ######.
 Lesser Beckoning         Tloc           ####......   1%          3    None
 Ignition                 Fire           ####......   100%        8    ######.


Dungeon Overview and Level Annotations

Branches:
Dungeon (15/15)            Temple (1/1) D:5            Lair (6/6) D:11
  Swamp (4/4) Lair:2       Spider (4/4) Lair:4        Slime (5/5) Lair:5
    Orc (2/2) D:12            Elf (3/3) Orc:2        Vaults (5/5) D:13
  Crypt (3/3) Vaults:3       Tomb (0/3) Crypt:3      Depths (5/5) D:15
    Zot (0/5) Depths:5

Altars:
Ashenzari
Cheibriados
Dithmenos
Elyvilon
Fedhas
Gozag
Hepliaklqana
Kikubaaqudgha
Makhleb
Nemelex Xobeh
Okawaru
Qazlal
Ru
Sif Muna
Trog
Uskayaw
Vehumet
Wu Jian
Xom
Yredelemnul
Zin
The Shining One
Jiyva

Shops:
D:14 (   Orc:2 :*[%   Vaults:3 %   Vaults:4 [   Vaults:5 [

Portals:
Hell: Depths:1 Depths:2 Depths:3 Depths:4 Depths:5
Abyss: Depths:4
Pandemonium: Orc:2 Depths:3 Depths:4
Ziggurat: Depths:2

Annotations:
D:4 Dowan, Duvessa, Pikel
D:14 1 transporter
Lair:1 exclusion: hydra
Lair:3 exclusion: oklob plant
Orc:2 1 exclusion
Elf:2 5 runed doors


Innate Abilities, Weirdness & Mutations

You cannot wear most types of armour.
You are very stealthy in the water. (Stealth+)
You are amphibious.
You can wear up to eight rings at the same time.
You can use your tentacles to constrict eight enemies at once.
Your skin changes colour to match your surroundings (Stealth+).
((Your rubbery body absorbs attacks. (AC +1, EV +1)))
((You are partially covered in slimy green scales. (AC +2)))
You tend to lose your temper in combat.
Your body sometimes deteriorates upon taking damage.
Your flesh is heat resistant. (rF+)
You are frail. (-10% HP)
Your magical capacity is low. (-10% MP)
You are resistant to hostile enchantments. (MR+)
You are occasionally teleported next to monsters.
You are very weak. (Str -4)


Message History

A Brimstone Fiend comes into view.
You block the gelid demonspawn's attack.
The Ice Fiend calls on the powers of darkness!
Your body is wracked with pain!
* * * LOW HITPOINT WARNING * * *
You thrash the Ice Fiend!!!
You kill the Ice Fiend!
Cheibriados appreciates the change of pace.
You kill the gelid demonspawn!
Cheibriados thoroughly appreciates the change of pace.
The winds around you start to calm down.
You float gracefully downwards.
The Brimstone Fiend gestures at you.
The sphere of damnation explodes!
The damnation engulfs you!
* * * LOW HITPOINT WARNING * * *
Your body deteriorates!
You feel dopey.
A torturous black sun comes into view. It is wielding a morningstar.
The Brimstone Fiend gestures at you.
The sphere of damnation explodes!
The damnation engulfs you!
You die...

#... ###..#
....# 6§§#
##§§# §§§# #§§#
##§###§§#######
..§§§1§8§§§§§.#
..§§§§§§§§§§§.#
#####§§########
#§§ #§§ #§§ ...
....


You could see a Brimstone Fiend and a torturous black sun.

Vanquished Creatures
  the Royal Jelly (Slime:5)
  2 ancient liches
  Mara (Crypt:3)
  5 juggernauts
  Frederick (Vaults:5)
  Saint Roka (Depths:1)
  Xtahua (Depths:3)
  Bai Suzhen (Vaults:4)
  7 caustic shrikes (Depths:2)
  Jory (Vaults:4)
  4 golden dragons
  the Enchantress (Depths:1)
  4 bone dragons
  10 liches
  3 tentacled monstrosities
  Jorgrun (Swamp:4)
  An Ice Fiend (Pan)
  A shard shrike skeleton (Crypt:2)
  Rupert (D:15)
  A quicksilver dragon (Depths:4)
  A deep elf blademaster (Elf:3)
  A titan (Vaults:5)
  24 acid blobs
  5 sphinxes
  2 deep elf master archers (Elf:3)
  2 eldritch tentacles (Abyss:3)
  Gastronok (Lair:3)
  4 tentacled starspawn
  5 ancient champions
  7 shadow dragons
  The ghost of namelastname112 the Fighter, an adept DrWn of Dithmenos (Elf:3)
  9 tengu reavers
  A thorn hunter (Swamp:4)
  2 storm dragons
  Roxanne (Swamp:3)
  A draconian monk (Depths:5)
  The ghost of Laiders72 the Basher, a journeyman DDFi of Makhleb (Swamp:3)
  3 revenants
  7 azure jellies
  14 fire giants
  19 vault wardens
  4 iron dragons (Vaults:5)
  7 emperor scorpions
  3 deep elf sorcerers
  5 frost giants
  4 balrugs
  An angel (Abyss:1)
  A cacodemon (Pan)
  A draconian knight (Depths:5)
  A caustic shrike zombie (Depths:1)
  5 ghost moths
  2 deep elf elementalists
  2 ghouls (Crypt:2)
  3 curse skulls
  3 spriggan defenders (Depths:1)
  8 reapers
  A draconian shifter (Depths:5)
  17 very ugly things
  A blood saint (Pan)
  13 ironheart preservers
  2 juggernaut skeletons (Depths:1)
  7 vampire knights
  9 deep elf demonologists
  A black sun (Pan)
  2 black draconians (Depths:5)
  A starcursed mass (Abyss:3)
  4 entropy weavers
  14 deep elf annihilators
  17 stone giants
  A lorocyproca (Abyss:1)
  2 white draconians (Depths:5)
  A red draconian (Depths:5)
  The ghost of Anon1729 the Geomancer, a journeyman FeEE of Sif Muna (Depths:1)
  10 spark wasps
  A purple draconian (Depths:5)
  12 deep elf death magi
  17 ettins
  4 eidola
  Snorg (D:11)
  16 yaktaur captains
  5 fire dragons
  9 death oozes (Slime:5)
  22 great orbs of eyes
  9 jiangshi
  5 deep elf high priests
  A great orb of eyes (shapeshifter) (Depths:5)
  10 hydras
  7 rakshasas
  34 vault guards
  A merfolk avatar (Abyss:3)
  2 quicksilver dragon skeletons
  4 ghost crabs
  An anaconda (shapeshifter) (Vaults:5)
  5 spriggan air magi
  8 centaur warriors
  16 ice dragons
  2 catoblepae (D:13)
  4 death knights
  An anaconda (Lair:6)
  30 two-headed ogres
  10 ogre magi
  14 alligators
  11 dancing weapons
  3 death yaks (D:11)
  7 vampire magi
  Erica (D:11)
  8 deep troll earth magi
  2 tengu warriors
  12 deep troll shamans
  5 hell hogs
  8 orc high priests
  Urug (D:14)
  6 thrashing horrors
  A fire crab (Lair:6)
  15 deep elf knights
  4 sun demons
  2 spriggan berserkers
  7 soul eaters
  Sonja (Lair:1)
  11 hell knights
  4 wretched stars
  2 sixfirhies (Abyss:1)
  2 spatial maelstroms
  3 shadow wraiths (Crypt:1)
  4 storm dragon skeletons
  2 death drakes
  An iron giant skeleton (Crypt:2)
  An anaconda zombie (Abyss:1)
  3 iron trolls
  4 spriggan druids
  24 deep trolls
  9 flayed ghosts
  2 unseen horrors
  A golden dragon zombie (Depths:1)
  24 skeletal warriors
  20 deep elf archers
  8 wizards
  2 glowing orange brains (Depths:2)
  An unseen horror (shapeshifter) (Vaults:2)
  4 spectral hydras (Swamp:4)
  4 gelid demonspawn
  A shambling mangrove (Swamp:3)
  3 swamp dragons
  A shadow dragon zombie (D:15)
  2 torturous demonspawn (Orc:2)
  An anaconda skeleton (Crypt:1)
  3 harpies (Vaults:1)
  15 orb spiders
  13 orc knights
  17 ironbrand convokers
  59 deep elf magi
  11 phantasmal warriors
  16 necromancers
  A wolf spider zombie (Crypt:1)
  A golden dragon skeleton (Depths:1)
  A shadow dragon skeleton (Depths:1)
  2 manticores (D:13)
  7 orc sorcerers
  4 shining eyes
  2 oklob plants (Spider:2)
  A sphinx skeleton (Depths:3)
  39 ugly things
  A frost giant zombie (Depths:3)
  130 slime creatures
  2 moths of wrath (Spider:4)
  A tengu skeleton (D:15)
  2 orb spiders (shapeshifter)
  2 cyclopes
  38 wolf spiders
  A worldbinder (Abyss:1)
  6 elephants (Lair:5)
  A rust devil (Abyss:1)
  15 vault sentinels
  A stone giant skeleton (Crypt:1)
  A dire elephant zombie (Abyss:1)
  2 frost giant skeletons (Depths:1)
  6 fire giant skeletons
  A torpor snail (Spider:2)
  2 black mambas (shapeshifter)
  2 eyes of devastation
  4 apocalypse crabs
  12 black mambas
  A guardian serpent (Lair:6)
  A storm dragon simulacrum (Vaults:1)
  A gargoyle (D:14)
  An elephant slug zombie (Crypt:2)
  4 orange demons
  A yaktaur zombie (Vaults:2)
  4 smoke demons
  22 spiny frogs
  2 swamp worm zombies (Swamp:4)
  A grey draconian zombie (Crypt:2)
  5 spectral swamp worms (Depths:3)
  17 freezing wraiths
  A rime drake (shapeshifter) (Depths:3)
  A hellion (Abyss:3)
  A yaktaur (shapeshifter) (Depths:4)
  An alligator snapping turtle skeleton (Crypt:1)
  An efreet (Abyss:1)
  A green draconian zombie (Crypt:1)
  A red draconian zombie (Crypt:2)
  55 yaktaurs
  A purple draconian skeleton (Crypt:3)
  A rime drake (Lair:5)
  17 small abominations
  14 demonic crawlers
  A spark wasp simulacrum (Depths:1)
  4 komodo dragons
  5 hellwings
  4 tengu conjurers
  4 hydra zombies (Swamp:4)
  5 guardian mummies (Crypt:3)
  4 red devils
  4 ancient zymes
  48 jumping spiders
  2 human skeletons (Vaults:2)
  A minotaur skeleton (Crypt:3)
  7 trolls
  6 tyrant leeches
  29 hornets
  2 polar bears
  3 spectral swamp dragons (Swamp:4)
  A harpy skeleton (Crypt:1)
  14 hippogriffs
  10 bog bodies
  A sphinx simulacrum (Depths:3)
  A dream sheep (shapeshifter) (Depths:5)
  2 hydra skeletons
  A fire giant simulacrum (Abyss:1)
  An ice dragon zombie (D:15)
  5 raiju
  An iron dragon simulacrum (Depths:1)
  2 deep troll zombies (Depths:1)
  31 blink frogs
  3 ettin zombies
  2 tarantella zombies
  7 alligator zombies
  A deep troll skeleton (Depths:1)
  4 spriggan zombies (Depths:1)
  3 flying skulls
  A shadow (D:13)
  An alligator skeleton (Crypt:2)
  82 redbacks
  10 water elementals
  3 ettin skeletons
  A fire dragon skeleton (Abyss:3)
  A spriggan skeleton (D:15)
  5 air elementals
  11 wyverns (Lair:6)
  2 ice dragon skeletons
  9 wraiths
  45 yaks
  5 vampires
  13 spriggans
  30 tarantellas
  3 basilisks
  7 ynoxinuls
  4 fire elementals
  7 golden eyes (Slime:3)
  18 large abominations
  9 neqoxecs
  A hungry ghost (D:12)
  22 vampire mosquitoes
  3 human simulacra
  4 chaos spawn
  5 spatial vortices
  2 two-headed ogre zombies (WizLab)
  5 wargs
  25 insubstantial wisps
  15 swamp worms
  An acid dragon (Vaults:1)
  15 water moccasins
  4 porcupines
  A merfolk skeleton (Crypt:3)
  A floating eye (Depths:4)
  9 hell hounds (Depths:1)
  An ice beast (shapeshifter) (Vaults:5)
  9 swamp drakes
  A deep troll simulacrum (Depths:1)
  8 ice beasts
  39 orc warriors
  3 swamp dragon zombies (Swamp:4)
  3 sky beasts
  2 black bears (shapeshifter)
  4 necrophages
  10 phantoms
  A wolf (shapeshifter) (Vaults:2)
  13 boggarts
  4 eyes of draining
  A swamp dragon skeleton (Crypt:3)
  16 ogres
  20 wolves
  21 centaurs
  An elephant skeleton (Crypt:3)
  A hog zombie (Crypt:3)
  18 crocodiles
  A blink frog skeleton (Crypt:3)
  An elf zombie (D:7)
  A draconian zombie (Crypt:1)
  2 big kobolds
  13 bullfrogs
  3 earth elementals
  2 yaktaur skeletons (Depths:1)
  2 water moccasin zombies
  A wyvern skeleton (Crypt:1)
  8 scorpions
  8 troll zombies (WizLab)
  A cyclops skeleton (Crypt:1)
  13 killer bees
  10 wights
  7 howler monkeys
  2 electric eels (Elf:3)
  11 crimson imps
  2 quasits
  4 centaur zombies
  3 bullfrog zombies
  9 hounds
  26 orc priests
  2 human zombies (D:7)
  6 jellies
  2 bullfrog skeletons (D:9)
  An iron imp (Abyss:3)
  5 iguanas
  A porcupine skeleton (Crypt:2)
  14 orc wizards
  13 worker ants
  A killer bee zombie (D:7)
  5 ogre zombies (WizLab)
  A big kobold zombie (Crypt:2)
  A crocodile skeleton (Crypt:2)
  6 mummies (Crypt:3)
  A worker ant zombie (D:9)
  3 gnolls (D:7)
  3 river rats (D:11)
  A swamp drake zombie (Swamp:4)
  19 adders
  5 shadow imps
  13 white imps
  An ufetubus (Abyss:3)
  3 oozes
  An adder zombie (D:7)
  An adder skeleton (D:7)
  4 worms
  A dart slug (D:1)
  11 leopard geckos
  79 orcs
  8 giant cockroaches
  10 hobgoblins
  13 jackals
  6 quokkas
  2 ball pythons
  12 bats
  8 frilled lizards
  3 goblins
  A goblin zombie (Crypt:2)
  14 kobolds
  2 leopard gecko skeletons
  A leopard gecko zombie (D:7)
  2 orc skeletons (D:7)
  An orc zombie (D:7)
  A quokka skeleton (D:7)
  2 rats
  A rat skeleton (Crypt:1)
  A briar patch (Swamp:4)
  4 crawling corpses (Vaults:5)
  2 fungi (Depths:2)
  10 plants (Depths:1)
  2 starspawn tentacles
2594 creatures vanquished.

Vanquished Creatures (others)
  A sphinx (Vaults:4)
  2 deep elf knights (Elf:3)
  A deep troll (Vaults:5)
  A vault sentinel (Vaults:1)
  2 hornets
  2 spriggans
  A redback (Spider:2)
  A centaur (Vaults:1)
  5 briar patches (Swamp:4)
  2 bushes (Abyss:3)
  2 demonic plants (Abyss:3)
  25 fungi
  A lurking horror (Abyss:3)
  56 plants
  14 starspawn tentacles
  A withered plant (D:15)
117 creatures vanquished.

Grand Total: 2711 creatures vanquished

Notes
Turn   | Place    | Note
-------+----------+-------------------------------------------
     0 | D:1      | epen the Octopode Monk began the quest for the Orb.
     0 | D:1      | Reached XP level 1. HP: 16/16 MP: 1/1
    90 | D:1      | Reached XP level 2. HP: 17/21 MP: 2/2
   292 | D:1      | Reached XP level 3. HP: 24/26 MP: 3/3
  1163 | D:2      | Reached XP level 4. HP: 30/31 MP: 4/4
  1919 | D:3      | Reached XP level 5. HP: 26/36 MP: 5/5
  2207 | D:3      | Found a burning altar of Makhleb.
  2207 | D:3      | Found a glowing golden altar of the Shining One.
  2209 | D:3      | Found a deep blue altar of Sif Muna.
  2210 | D:3      | Found a stormy altar of Qazlal.
  2327 | D:3      | Found a hazy altar of Hepliaklqana.
  2480 | D:3      | Reached skill level 5 in Stealth
  2614 | D:3      | Gained mutation: You possess an exceptional clarity of mind. [potion of mutation]
  2614 | D:3      | Gained mutation: You are partially covered in thin metallic scales. (AC +2) [potion of mutation]
  2660 | D:3      | Found a shimmering altar of Xom.
  2663 | D:3      | Found a shimmering altar of Xom.
  2664 | D:3      | Lost mutation: You possess an exceptional clarity of mind. [potion of mutation]
  2664 | D:3      | Lost mutation: You are partially covered in thin metallic scales. (AC +2) [potion of mutation]
  2664 | D:3      | Gained mutation: Your spells are a little harder to cast, but a little more powerful. [potion of mutation]
  2664 | D:3      | Gained mutation: You have a pair of small antennae on your head. [potion of mutation]
  2664 | D:3      | Gained mutation: You possess an exceptional clarity of mind. [potion of mutation]
  2665 | D:3      | Found a shimmering altar of Xom.
  2666 | D:3      | Found a shimmering altar of Xom.
  2666 | D:3      | Found a shimmering altar of Xom.
  2669 | D:3      | Found a shimmering altar of Xom.
  2669 | D:3      | Found a shimmering altar of Xom.
  2732 | D:3      | Reached XP level 6. HP: 42/42 MP: 6/6
  2851 | D:4      | Found an ancient bone altar of Kikubaaqudgha.
  2967 | D:4      | Reached skill level 5 in Unarmed Combat
  3041 | D:4      | Lost mutation: Your spells are a little harder to cast, but a little more powerful. [potion of mutation]
  3041 | D:4      | Lost mutation: You have a pair of small antennae on your head. [potion of mutation]
  3041 | D:4      | Lost mutation: You possess an exceptional clarity of mind. [potion of mutation]
  3041 | D:4      | Gained mutation: You are partially covered in yellow scales. (AC +2) [potion of mutation]
  3041 | D:4      | Gained mutation: Your body sometimes deteriorates upon taking damage. [potion of mutation]
  3041 | D:4      | Gained mutation: You have a beak for a mouth. [potion of mutation]
  3070 | D:4      | Noticed Duvessa
  3070 | D:4      | Noticed Dowan
  3139 | D:5      | Entered Level 5 of the Dungeon
  3503 | D:4      | Noticed Pikel
  3503 | D:4      | Noticed a slave
  3523 | D:5      | Found a staircase to the Ecumenical Temple.
  3534 | Temple   | Entered the Ecumenical Temple
  3573 | Temple   | Became a worshipper of Cheibriados the Contemplative
  3573 | Temple   | Reached * piety under Cheibriados
  3573 | Temple   | Reached ** piety under Cheibriados
  3664 | D:5      | Reached skill level 1 in Invocations
  3664 | D:5      | Reached XP level 7. HP: 33/47 MP: 8/8
  3914 | D:5      | Found a radiant altar of Vehumet.
  4739 | D:6      | Reached skill level 1 in Shields
  5324 | D:7      | Reached XP level 8. HP: 50/54 MP: 10/10
  5664 | D:7      | Reached *** piety under Cheibriados
  5819 | D:7      | Reached skill level 5 in Dodging
  6269 | D:7      | Found the +8 trident of the Octopus King {venom, rElec rPois MR+}
  6270 | D:7      | Found a transporter.
  6274 | D:7      | Noticed a komodo dragon
  6308 | D:7      | Reached skill level 5 in Invocations
  6308 | D:7      | Reached XP level 9. HP: 60/60 MP: 12/12
  6420 | D:8      | Reached skill level 5 in Fighting
  6527 | D:8      | Reached **** piety under Cheibriados
  6570 | D:8      | Noticed a two-headed ogre
  6594 | D:8      | You fall through a shaft!
  6724 | D:9      | Noticed a two-headed ogre
  7018 | D:8      | Killed a two-headed ogre
  7227 | D:9      | Killed a two-headed ogre
  7227 | D:9      | Reached XP level 10. HP: 68/68 MP: 15/15
  7453 | D:10     | Entered Level 10 of the Dungeon
  7455 | D:10     | Reached ***** piety under Cheibriados
  7481 | D:10     | Killed an unseen horror
  7878 | D:10     | Reached skill level 5 in Shields
  8378 | D:9      | Noticed a two-headed ogre
  8395 | D:9      | Killed a two-headed ogre
  8395 | D:9      | Reached XP level 11. HP: 59/74 MP: 17/17
  8660 | D:9      | You fall through a shaft for 3 floors!
  8683 | D:11     | Reached skill level 10 in Unarmed Combat
  8809 | D:11     | Found a glowing golden altar of the Shining One.
  8873 | D:11     | Noticed a death yak
  8873 | D:11     | Noticed a death yak
  8902 | D:11     | Noticed Snorg
  8981 | D:11     | Noticed a death yak
  8982 | D:11     | Killed a death yak
  8992 | D:11     | Killed a death yak
  9000 | D:11     | Killed a death yak
  9094 | D:11     | Found a staircase to the Lair.
  9128 | D:11     | Noticed a two-headed ogre
  9140 | D:11     | Killed a two-headed ogre
  9168 | D:11     | Killed Snorg
  9494 | D:11     | Noticed Erica
  9498 | D:11     | Killed Erica
  9498 | D:11     | Reached skill level 10 in Invocations
  9876 | D:12     | Reached XP level 12. HP: 59/82 MP: 19/19
 10001 | D:12     | Reached skill level 1 in Spellcasting
 10183 | D:12     | Found a staircase to the Orcish Mines.
 10555 | D:12     | Noticed a two-headed ogre
 10714 | D:12     | Killed a two-headed ogre
 11171 | D:13     | Noticed a five-headed hydra
 11171 | D:13     | Noticed a centaur warrior
 11226 | Lair:1   | Entered Level 1 of the Lair of Beasts
 11226 | Lair:1   | Noticed Sonja
 11230 | Lair:1   | Killed Sonja
 11376 | Lair:1   | Noticed a seven-headed hydra
 12739 | Lair:2   | Found a staircase to the Swamp.
 13181 | Lair:3   | Learned a level 1 spell: Apportation
 13279 | Lair:3   | Reached XP level 13. HP: 89/89 MP: 21/21
 13328 | Lair:3   | Noticed Gastronok
 13344 | Lair:3   | Killed Gastronok
 13561 | Lair:3   | Reached ****** piety under Cheibriados
 13967 | Lair:4   | Found a hole to the Spider Nest.
 14953 | Lair:5   | Found a frozen archway.
 15020 | IceCv    | Entered an ice cave
 15028 | IceCv    | Found a transporter.
 15083 | IceCv    | Found a transporter.
 15489 | Lair:5   | Found a runed door.
 15489 | Lair:5   | Found a viscous altar of Jiyva.
 15489 | Lair:5   | Found a staircase to the Slime Pits.
 15992 | Lair:5   | Found the +8 whip "Snakebite" {curare, rPois}
 16037 | Lair:6   | Entered Level 6 of the Lair of Beasts
 16065 | Lair:6   | Reached skill level 5 in Spellcasting
 16141 | Lair:6   | Reached XP level 14. HP: 97/97 MP: 23/23
 16518 | Lair:6   | Reached skill level 10 in Dodging
 16659 | Lair:6   | Reached skill level 10 in Fighting
 17678 | D:7      | Found a transporter.
 17688 | D:7      | Got a translucent tin ring
 17719 | D:7      | Identified the ring "Ylateh" {rC+ rN+ Int+5} (You found it on level 7 of the Dungeon)
 17871 | D:13     | namelastname112: ??octopus king
 17873 | D:13     | beem: octopus king[1/2]: see {trident of the octopus king} or {ring of the octopus king}
 17879 | D:13     | namelastname112: ??trident of theoctopus king
 17879 | D:13     | beem: trident of theoctopus king ~ trident of the octopus king[1/1]: +8 trident of the Octopus King {venom, rElec rPois MR+}. Gains +1 for every {ring of the octopus king} worn.
 17896 | D:13     | Found a shadowy altar of Dithmenos.
 17917 | D:13     | Noticed Rupert
 18257 | D:13     | Found a gate to the Vaults.
 18278 | D:13     | Reached XP level 15. HP: 55/104 MP: 25/25
 18454 | Orc:1    | Entered Level 1 of the Orcish Mines
 18647 | Orc:2    | Entered Level 2 of the Orcish Mines
 19106 | Orc:1    | You fall through a shaft!
 19335 | Orc:2    | Found Gul Vaov's Food Emporium.
 19463 | Orc:2    | Found Qiacy's General Store.
 20210 | Orc:2    | Gained mutation: You occasionally shout uncontrollably at your foes. [a neqoxec]
 20466 | Orc:2    | Found Kaiquvo's Antique Armour Boutique.
 20466 | Orc:2    | Found Naece's Book Shop.
 20466 | Orc:2    | Found a one-way gate leading to the halls of Pandemonium.
 20516 | Orc:2    | Bought a book of the Earth for 975 gold pieces
 20516 | Orc:2    | Bought a book of the Tempests for 1050 gold pieces
 20523 | Orc:2    | Learned a level 6 spell: Statue Form
 20563 | Orc:2    | Bought a scroll of teleportation for 36 gold pieces
 20820 | Orc:2    | Found a staircase to the Elven Halls.
 21092 | D:13     | Reached skill level 1 in Transmutations
 21092 | D:13     | Reached skill level 1 in Earth Magic
 21908 | D:14     | Found a transporter.
 21912 | D:14     | Found a viscous altar of Jiyva.
 22510 | D:14     | Noticed Urug
 22521 | D:14     | Killed Urug
 22730 | D:14     | Found Xavole's Antique Weapon Boutique.
 22820 | D:15     | Entered Level 15 of the Dungeon
 22889 | D:15     | Identified a scroll of acquirement
 22904 | D:15     | Found the +7 Kryia's mail coat {PotionHeal*2 rC+}
 23050 | D:15     | Found a staircase to the Depths.
 23076 | D:15     | Killed Rupert
 23147 | D:15     | Reached XP level 16. HP: 112/112 MP: 27/27
 23297 | D:15     | Reached skill level 5 in Transmutations
 23297 | D:15     | Reached skill level 5 in Earth Magic
 23712 | Spider:1 | Entered Level 1 of the Spider Nest
 24640 | Spider:1 | Learned a level 9 spell: Tornado
 24667 | Spider:2 | Reached skill level 1 in Air Magic
 24938 | Spider:2 | Reached skill level 2 in Air Magic
 25078 | Spider:2 | Reached skill level 15 in Invocations
 25096 | Spider:2 | Reached XP level 17. HP: 119/119 MP: 28/28
 25184 | Spider:2 | Reached skill level 3 in Air Magic
 25665 | Spider:3 | Identified Sif Muna's Reference Book on Augmentations and Transmigration
 26200 | Spider:3 | Reached skill level 4 in Air Magic
 26334 | Spider:4 | Entered Level 4 of the Spider Nest
 26513 | Spider:4 | Reached skill level 5 in Air Magic
 26699 | Spider:4 | Reached skill level 6 in Air Magic
 26723 | Spider:4 | Reached skill level 10 in Transmutations
 26726 | Spider:4 | Reached skill level 10 in Earth Magic
 27005 | Spider:4 | Got a gossamer rune of Zot
 27519 | Swamp:1  | Entered Level 1 of the Swamp
 27669 | Swamp:1  | namelastname112: ??spellcasting
 27671 | Swamp:1  | beem: spellcasting[1/1]: Gives you an extra spell slot for every half of a level in spellcasting. Raising your spellcasting also gives you more MP, lowers {spell hunger}, and slightly boosts {spell success} and {spell power} for all spells.
 27726 | Swamp:1  | Reached XP level 18. HP: 126/126 MP: 30/30
 28274 | Swamp:2  | Reached skill level 7 in Air Magic
 28770 | Swamp:3  | Noticed Laiders72's ghost (journeyman DDFi)
 28782 | Swamp:3  | Killed Laiders72's ghost
 28971 | Swamp:3  | Reached skill level 8 in Air Magic
 29079 | Swamp:3  | Noticed Roxanne
 29089 | Swamp:3  | Killed Roxanne
 29091 | Swamp:3  | Identified Roxanne's Volume of Changing (You took it off Roxanne on level 3 of the Swamp)
 29446 | Swamp:4  | Entered Level 4 of the Swamp
 29672 | Swamp:4  | Noticed Jorgrun
 29679 | Swamp:4  | Killed Jorgrun
 29679 | Swamp:4  | Reached skill level 9 in Air Magic
 29784 | Swamp:4  | namelastname112: !lg . killer=jorgrun
 29787 | Swamp:4  | beem: 2. namelastname112 the Convoker (L14 DrSu of Sif Muna), blasted by Jorgrun (Shatter) on Snake:2 on 2014-08-28 23:27:51, with 56700 points after 35748 turns and 2:55:32.
 29803 | Swamp:4  | namelastname112: !lg epen killer=jorgrun
 29803 | Swamp:4  | beem: No games for epen (killer=jorgrun).
 29836 | Swamp:4  | namelastname112: !lg epen killer=sigmund
 29838 | Swamp:4  | beem: 23. epen the Insei (L6 DrTm), slain by Sigmund (a +7 scythe of flaming) on D:5 on 2017-07-29 21:48:27, with 478 points after 3986 turns and 0:06:55.
 29847 | Swamp:4  | namelastname112: !lg epen killer=grinder
 29847 | Swamp:4  | beem: 24. epen the Insei (L8 GnTm), slain by Grinder on D:6 on 2017-10-01 16:42:56, with 1048 points after 5629 turns and 0:07:52.
 29849 | Swamp:4  | namelastname112: !lg . killer=sigmund
 29851 | Swamp:4  | beem: 90. namelastname112 the Sneak (L4 GnAs), slain by Sigmund (a +0 scythe) on D:2 on 2017-11-17 11:35:31, with 106 points after 951 turns and 0:02:20.
 29856 | Swamp:4  | Noticed a bone dragon
 29866 | Swamp:4  | namelastname112: !lg . killer=grinder
 29869 | Swamp:4  | Killed a bone dragon
 29873 | Swamp:4  | beem: 59. namelastname112 the Insei (L4 TeMo), slain by Grinder on D:3 on 2017-09-06 19:48:44, with 112 points after 2184 turns and 0:02:58.
 29890 | Swamp:4  | namelastname112: !lg epen killer=ijyb
 29891 | Swamp:4  | beem: 6. epen the Poker (L5 MfAK of Lugonu), splashed by Ijyb's acid on D:3 on 2017-08-12 14:48:46, with 215 points after 2852 turns and 0:06:47.
 29896 | Swamp:4  | namelastname112: !lg epen killer=xtahua
 29897 | Swamp:4  | beem: No games for epen (killer=xtahua).
 29938 | Swamp:4  | namelastname112: !lg epen killer=orb_guardian
 29940 | Swamp:4  | beem: 1. epen the Cloud Mage (L27 OpMo of Cheibriados), annihilated by an Orb Guardian (kmap: hall_of_Zot) on Zot:5 on 2016-04-23 13:20:38, with 697706 points after 66652 turns and 5:38:34.
 29941 | Swamp:4  | Got a decaying rune of Zot
 29969 | Swamp:4  | namelastname112: !lg epen killer=lom_lobon
 29969 | Swamp:4  | beem: 2. epen the Sensei (L27 DrTm of Cheibriados), blasted by Lom Lobon (great icy blast) in Pandemonium (lom_lobon) on 2016-05-07 18:51:37, with 845165 points after 62353 turns and 4:45:14.
 29973 | Swamp:4  | Learned a level 3 spell: Regeneration
 29973 | Swamp:4  | namelastname112: !lg epen killer=lom_lobon -1
 29973 | Swamp:4  | beem: 2. epen the Sensei (L27 DrTm of Cheibriados), blasted by Lom Lobon (great icy blast) in Pandemonium (lom_lobon) on 2016-05-07 18:51:37, with 845165 points after 62353 turns and 4:45:14.
 29973 | Swamp:4  | namelastname112: !lg epen killer=lom_lobon 1
 29992 | Swamp:4  | beem: 1/2. epen the Wrestler (L27 GhMo of Cheibriados), blasted by Lom Lobon (great icy blast) in Pandemonium on 2016-05-03 14:00:34, with 875045 points after 79456 turns and 4:51:19.
 30359 | Vaults:1 | Entered Level 1 of the Vaults
 30392 | Vaults:1 | Reached XP level 19. HP: 133/133 MP: 32/32
 30507 | Vaults:1 | Reached skill level 10 in Air Magic
 31594 | Vaults:2 | Reached skill level 10 in Spellcasting
 31736 | Vaults:2 | Reached skill level 11 in Air Magic
 32346 | Vaults:2 | Reached XP level 20. HP: 141/141 MP: 34/34
 32694 | Vaults:3 | Reached skill level 12 in Air Magic
 33186 | Vaults:3 | Found a staircase to the Crypt.
 33186 | Vaults:3 | Found a basalt altar of Yredelemnul.
 33187 | Vaults:3 | Found an ancient bone altar of Kikubaaqudgha.
 33194 | Vaults:3 | Learned a level 2 spell: Blink
 33417 | Vaults:3 | Found Xioch's Food Shoppe.
 33574 | Vaults:4 | Noticed Jory
 33583 | Vaults:4 | Killed Jory
 33587 | Vaults:4 | Reached skill level 13 in Air Magic
 33639 | Vaults:4 | Noticed Bai Suzhen
 33649 | Vaults:4 | Killed Bai Suzhen
 33949 | Vaults:4 | Found Rooduysm's Antique Armour Emporium.
 33991 | Vaults:4 | Reached skill level 14 in Air Magic
 34417 | Vaults:4 | Reached XP level 21. HP: 148/148 MP: 36/36
 34974 | Elf:1    | Entered Level 1 of the Elven Halls
 34986 | Elf:1    | Got a scintillating golden ring
 35159 | Elf:1    | Identified the ring of Mesel {rC+ rN+} (You found it on level 1 of the Elven Halls)
 35166 | Elf:1    | Identified the Reference Book on the Escort
 35347 | Elf:1    | Reached skill level 15 in Air Magic
 36060 | Elf:2    | Found a huge runed gate.
 36063 | Elf:2    | Found a huge runed gate.
 36064 | Elf:2    | Found a huge runed gate.
 36066 | Elf:2    | Found a huge runed gate.
 36066 | Elf:2    | Found a huge runed gate.
 36170 | Elf:3    | Entered Level 3 of the Elven Halls
 36214 | Elf:3    | Found a magical portal.
 36224 | WizLab   | Entered Zonguldrok's Shrine
 36352 | WizLab   | Noticed an antique lich
 36360 | WizLab   | Killed an antique lich
 36367 | WizLab   | Found the +9 sword of Zonguldrok {reap}
 36396 | WizLab   | Got a warped shield
 36397 | WizLab   | Identified the +5 shield of the Undertaker {Str+6} (You acquired it in a wizard's laboratory)
 36520 | WizLab   | Reached skill level 16 in Air Magic
 37382 | Elf:3    | HP: 7/192 [deep elf annihilator/crystal spear (70)]
 37479 | Elf:3    | Reached XP level 22. HP: 154/154 MP: 31/39
 37483 | Elf:3    | Reached skill level 17 in Air Magic
 37509 | Elf:3    | Noticed namelastname112's ghost (adept DrWn)
 37513 | Elf:3    | Cast into level 2 of the Abyss (a deep elf demonologist)
 37646 | Abyss:3  | Gained mutation: Scrolls take you a little longer to read. [a neqoxec]
 37752 | Elf:3    | Escaped the Abyss
 37759 | Elf:3    | Killed namelastname112's ghost
 37851 | Elf:3    | Got a brightly glowing turquoise ring
 37999 | Elf:3    | Identified the ring of Caclotz {rPois Int+3 Stlth+} (You took it off a deep elf demonologist on level 3 of the Elven Halls)
 38322 | Depths:1 | Entered Level 1 of the Depths
 38331 | Depths:1 | Noticed Saint Roka
 38333 | Depths:1 | Reached skill level 18 in Air Magic
 38342 | Depths:1 | Killed Saint Roka
 38352 | Depths:1 | Noticed Anon1729's ghost (journeyman FeEE)
 38371 | Depths:1 | Killed Anon1729's ghost
 38451 | Depths:1 | Noticed the Enchantress
 38461 | Depths:1 | Killed the Enchantress
 38474 | Depths:1 | Got faerie dragon scales
 38477 | Depths:1 | Identified the +5 faerie dragon scales {rN+ rCorr Dex+3 Clar} (You took it off the Enchantress on level 1 of the Depths)
 38537 | Depths:1 | Found a gateway to Hell.
 38755 | Depths:1 | Found a shattered altar of Ashenzari.
 38802 | Depths:1 | Reached XP level 23. HP: 160/160 MP: 41/41
 38958 | Depths:1 | Paralysed by a lich for 5 turns
 39100 | Depths:1 | Found an ancient bone altar of Kikubaaqudgha.
 39128 | Depths:1 | Reached skill level 19 in Air Magic
 39150 | Depths:1 | Reached skill level 10 in Shields
 39668 | Depths:2 | Noticed a caustic shrike
 39674 | Depths:2 | Killed a caustic shrike
 39731 | Depths:2 | Noticed a juggernaut
 39736 | Depths:2 | Killed a juggernaut
 39811 | Depths:2 | Noticed a golden dragon
 39821 | Depths:2 | Killed a golden dragon
 39850 | Depths:2 | Reached skill level 15 in Spellcasting
 39873 | Depths:2 | Noticed a caustic shrike
 39879 | Depths:2 | Killed a caustic shrike
 39921 | Depths:2 | Found an ornate altar of the Wu Jian Council.
 39922 | Depths:2 | Found an iron altar of Okawaru.
 39925 | Depths:2 | Found a blossoming altar of Fedhas.
 39971 | Depths:2 | Found a gateway to a ziggurat.
 40017 | Depths:2 | Reached skill level 20 in Air Magic
 40242 | Depths:2 | Noticed a caustic shrike
 40243 | Depths:2 | Noticed a caustic shrike
 40244 | Depths:2 | Noticed a caustic shrike
 40246 | Depths:2 | Noticed a caustic shrike
 40247 | Depths:2 | Killed a caustic shrike
 40250 | Depths:2 | Killed a caustic shrike
 40253 | Depths:2 | Killed a caustic shrike
 40253 | Depths:2 | Reached XP level 24. HP: 160/166 MP: 42/42
 40257 | Depths:2 | Killed a caustic shrike
 40397 | Depths:2 | Noticed a caustic shrike
 40404 | Depths:2 | Killed a caustic shrike
 40437 | Depths:2 | Noticed a juggernaut
 40445 | Depths:2 | Killed a juggernaut
 40863 | Vaults:5 | Entered Level 5 of the Vaults
 40871 | Vaults:5 | Reached skill level 21 in Air Magic
 40926 | Vaults:4 | Lost mutation: You occasionally shout uncontrollably at your foes. [potion of mutation]
 40926 | Vaults:4 | Lost mutation: Scrolls take you a little longer to read. [potion of mutation]
 40926 | Vaults:4 | Lost mutation: You have a beak for a mouth. [potion of mutation]
 40926 | Vaults:4 | Lost mutation: Your body sometimes deteriorates upon taking damage. [potion of mutation]
 40926 | Vaults:4 | Gained mutation: Your mind is acute. (Int +2) [potion of mutation]
 40926 | Vaults:4 | Gained mutation: You are partially covered in slimy green scales. (AC +2) [potion of mutation]
 40926 | Vaults:4 | Gained mutation: You are agile. (Dex +2) [potion of mutation]
 41219 | Vaults:5 | Noticed Frederick
 41227 | Vaults:5 | Killed Frederick
 41227 | Vaults:5 | Reached XP level 25. HP: 160/171 MP: 43/43
 41328 | Vaults:5 | Found Avepraun's Antique Armour Shoppe.
 41341 | Vaults:5 | Identified the Reference Book on Execration and Transmigration
 41384 | Vaults:5 | Got an ancient glass ring
 41476 | Vaults:5 | Reached skill level 15 in Shields
 41695 | Vaults:5 | Got a silver rune of Zot
 42552 | Depths:3 | Got a distressingly furry hat
 42597 | Depths:3 | HP: 5/222 [fire giant/fireball (37)]
 42751 | Depths:3 | Identified the +5 hat "Xeiron" {+Blink MR+++ Int-5 SInv} (You acquired it on level 3 of the Depths)
 42761 | Depths:3 | Identified the ring "Hear" {rN+ MR+ Dex+4 Stlth+} (You took it off a vault sentinel on level 5 of the Vaults)
 42848 | Depths:3 | Reached skill level 1 in Charms
 42857 | Depths:3 | Reached skill level 22 in Air Magic
 43044 | Depths:3 | Noticed Xtahua
 43050 | Depths:3 | Killed Xtahua
 43060 | Depths:3 | namelastname112: !won epen op
 43062 | Depths:3 | beem: epen (op) has won once in 89 games (1.12%): 1xOpMo
 43755 | Depths:4 | Reached skill level 15 in Unarmed Combat
 43756 | Depths:4 | Noticed a juggernaut
 43757 | Depths:4 | Noticed a juggernaut
 43765 | Depths:4 | Killed a juggernaut
 43773 | Depths:4 | Killed a juggernaut
 43887 | Depths:4 | Reached XP level 26. HP: 180/180 MP: 43/43
 44187 | Depths:4 | Paralysed by a floating eye for 4 turns
 44313 | Depths:4 | Found a one-way gate to the infinite horrors of the Abyss.
 44473 | Depths:4 | Reached skill level 15 in Fighting
 44581 | Depths:4 | Voluntarily entered the Abyss.
 44628 | Abyss:1  | Gained mutation: You are resistant to hostile enchantments. (MR+) [a neqoxec]
 44628 | Abyss:1  | Gained mutation: You are weak. (Str -2) [a neqoxec]
 44631 | Abyss:1  | Gained mutation: You are frail. (-10% HP) [a neqoxec]
 44649 | Abyss:1  | Found a sacrificial altar of Ru.
 44736 | Abyss:1  | namelastname112: !lg epen won s=god
 44739 | Abyss:1  | beem: 15 games for epen (won): 6x Cheibriados, 2x Okawaru, 2x Dithmenos, Ru, The Shining One, Lugonu, Makhleb, Trog
 45323 | Abyss:2  | Reached XP level 27. HP: 130/130 MP: 43/43
 45359 | Abyss:3  | Found a corrupted altar of Lugonu.
 45404 | Abyss:3  | Got an abyssal rune of Zot
 45533 | Abyss:3  | Found a corrupted altar of Lugonu.
 45648 | Abyss:3  | Gained mutation: You tend to lose your temper in combat. [a neqoxec]
 45655 | Abyss:3  | Lost mutation: You are agile. (Dex +2) [a neqoxec]
 45674 | Abyss:3  | Found a corrupted altar of Lugonu.
 45689 | Depths:4 | Escaped the Abyss
 45711 | Depths:5 | Entered Level 5 of the Depths
 45861 | Depths:5 | Reached skill level 5 in Charms
 45883 | Depths:5 | Noticed a juggernaut
 45892 | Depths:5 | Killed a juggernaut
 45900 | Depths:5 | Found a gate to the Realm of Zot.
 46568 | Depths:5 | Lost mutation: You are frail. (-10% HP) [potion of mutation]
 46568 | Depths:5 | Lost mutation: Your mind is acute. (Int +2) [potion of mutation]
 46568 | Depths:5 | Lost mutation: You tend to lose your temper in combat. [potion of mutation]
 46568 | Depths:5 | Lost mutation: You are partially covered in yellow scales. (AC +2) [potion of mutation]
 46568 | Depths:5 | Gained mutation: Your magical capacity is low. (-10% MP) [potion of mutation]
 46568 | Depths:5 | Gained mutation: Your mind is acute. (Int +2) [potion of mutation]
 46899 | Crypt:1  | Entered Level 1 of the Crypt
 47009 | Crypt:1  | namelastname112: ?? tv
 47009 | Crypt:1  | beem: tv[1/1]: imagine if they had tv in real life
 47146 | Crypt:1  | namelastname112: ??footv
 47146 | Crypt:1  | beem: FooTV[1/5]: telnet termcast.develz.org (and then select the letter for FooTV), or http://termcast.develz.org. Do not use SSH. Shows games requested using !tv. Request games by adding -tv to !lg or !lm. Cancel games by adding -tv:cancel to the same command-line, clear playlist with !lg * -tv:nuke
 47553 | Crypt:1  | Found a runed door.
 47562 | Crypt:1  | Noticed an ancient lich
 47567 | Crypt:1  | Killed an ancient lich
 47625 | Crypt:2  | namelastname112: !tv . drak 1
 47626 | Crypt:2  | beem: 1/210. namelastname112, XL7 DrAK, T:5213 requested for FooTV: telnet://termcast.develz.org or http://termcast.develz.org.
 47884 | Crypt:2  | Reached skill level 23 in Air Magic
 48248 | Crypt:2  | namelastname112: !tv . drak 1 turn=189506
 48266 | Crypt:2  | beem: No games for namelastname112 (drak turn=189506).
 48312 | Crypt:3  | Entered Level 3 of the Crypt
 48348 | Crypt:3  | namelastname112: !tv . drak 1 turn 189506
 48349 | Crypt:3  | beem: No keyword 'turn'
 48354 | Crypt:3  | namelastname112: !tv . drak 1 t:189506
 48355 | Crypt:3  | beem: No keyword 't:189506'
 48387 | Crypt:3  | namelastname112: !help tv
 48388 | Crypt:3  | beem: I'm a bot that sends commands to the DCSS IRC knowledge bots. For details, see https://github.com/gammafunk/beem/blob/master/docs/commands.md and to have me watch your games on this server, type: !subscribe
 48420 | Crypt:3  | Found the +2 cloak of the Thief {+Fog Slay-2 SInv Stlth+}
 48447 | Crypt:3  | Got a translucent brass ring
 48459 | Crypt:3  | Identified the ring "Zumu" {rCorr rPois Dex+3 Slay+3} (You found it on level 3 of the Crypt)
 48532 | Crypt:3  | Noticed Mara
 48537 | Crypt:3  | Noticed epen's illusion
 48537 | Crypt:3  | Killed Mara
 48874 | Crypt:3  | Found a staircase to the Tomb.
 49098 | Vaults:5 | namelastname112: !greatrace dr
 49098 | Vaults:5 | beem: namelastname112 is a greatdraconian!
 49098 | Vaults:5 | namelastname112: !greatrace op epen
 49098 | Vaults:5 | beem: Unwon octopodes for epen: OpAE, OpAK, OpAM, OpAr, OpAs, OpBe, OpCj, OpCK, OpEE, OpEn, OpFE, OpFi, OpGl, OpHu, OpIE, OpNe, OpSk, OpSu, OpTm, OpVM, OpWn, OpWr, OpWz
 49858 | Slime:1  | Entered Level 1 of the Pits of Slime
 50020 | Slime:1  | Gained mutation: You are very weak. (Str -4) [a shining eye]
 50022 | Slime:1  | Gained mutation: You are occasionally teleported next to monsters. [a shining eye]
 50187 | Slime:4  | Lost mutation: Your mind is acute. (Int +2) [a shining eye]
 50193 | Slime:4  | Gained mutation: Your flesh is heat resistant. (rF+) [a shining eye]
 50194 | Slime:4  | Gained mutation: Your body sometimes deteriorates upon taking damage. [a shining eye]
 50195 | Slime:4  | Gained mutation: Your body often deteriorates upon taking damage. [a shining eye]
 50198 | Slime:4  | Gained mutation: You are frail. (-10% HP) [a shining eye]
 50322 | Slime:5  | Entered Level 5 of the Pits of Slime
 50342 | Slime:5  | Gained mutation: You tend to lose your temper in combat. [a shining eye]
 50344 | Slime:5  | Lost mutation: Your body often deteriorates upon taking damage. [a shining eye]
 50349 | Slime:5  | Lost mutation: You are frail. (-10% HP) [a shining eye]
 50350 | Slime:5  | Gained mutation: You are frail. (-10% HP) [a shining eye]
 50414 | Slime:5  | Found a viscous altar of Jiyva.
 50604 | Slime:5  | Learned a level 6 spell: Deflect Missiles
 50795 | Slime:5  | Noticed the Royal Jelly
 50823 | Slime:5  | Killed the Royal Jelly
 50832 | Slime:5  | Got a vibrating graven amulet
 50833 | Slime:5  | Identified the amulet "Kiurraro" {Reflect *Slow MP+9 Slay+2 SH+6 SInv} (You found it on level 5 of the Pits of Slime)
 50856 | Slime:5  | Got a brightly glowing glass ring
 50857 | Slime:5  | Identified the ring of Foyr {rCorr rPois rC+ Str+6 Int-5} (You found it on level 5 of the Pits of Slime)
 50915 | Slime:5  | Got a slimy rune of Zot
 51444 | Pan      | Entered Pandemonium
 51463 | Pan      | Reached skill level 15 in Dodging
 51467 | Pan      | Killed from afar by a Brimstone Fiend

Vault maps used:
D:1:      ncdulo_wetmaze
D:3:      marbit_many_paths, minitemple, first_ration, nicolae_xom_altar_mimics
D:4:      old_standard_altar, uniq_pikel, uniq_grinder, uniq_duvessa
D:5:      vehumet_altar_wand_db, minmay_temple_entry_large_hall,
          hangedman_decor_peaks_small, nicolae_zen_rock_garden
D:7:      gammafunk_the_bubble, nicolae_ossuary_entry_catacombs
D:9:      grunt_pizzeria
D:11:     dpeg_lair_monsters, tso_altar, uniq_snorg, uniq_erica
D:12:     orc_0_dummy
D:13:     minmay_ornate_pinched, david_vaults_2,
          nicolae_dithmenos_shadow_blocks, uniq_rupert
D:14:     gammafunk_jiyva_shrine, serial_shops, nicolae_shop_overgrown_old_shop,
          minmay_misc_feat_doors, uniq_urug
D:15:     gammafunk_depths_entry_grave, minmay_misc_feat_chi
Temple:   eino_wide_crystal_templ
Lair:1:   uniq_sonja
Lair:2:   minmay_swamp_entry_swarm
Lair:3:   lemuel_reptile_caves, minmay_lair_oklob_items, fungi_pond_lemuel,
          st_stairs_6, uniq_gastronok
Lair:4:   nicolae_spider_entry_tight_spaces
Lair:5:   minmay_guarded_unrand_snakebite, slime_altar_2,
          portal_ice_cave_entry_imps
Lair:6:   hangedman_lair_tendril_chambers, minivault_25,
          hangedman_lair_generics_rect
Swamp:1:  evilmike_swamp_ruin_house_2
Swamp:2:  evilmike_swamp_ruin_house_3
Swamp:3:  nicolae_swamp_trees_clearing, swamp_pool4, nicolae_swamp_little_tower,
          uniq_roxanne
Swamp:4:  swamp_pestilence, swamp_pool4, uniq_jorgrun
Spider:1: nicolae_spider_corner
Spider:2: spider_temple_joshua, nicolae_spider_cling_halls
Spider:3: spider_trap
Spider:4: grunt_spider_rune_parallel
Slime:1:  nicolae_slime_phagocytosis
Slime:4:  cheibrodos_slime_lost_civilization_4
Orc:2:    pf_orc_diabolical
Elf:1:    minmay_elf_demonology, minmay_the_grid_2x2
Elf:2:    evilmike_surprise_oklob
Elf:3:    minmay_elf_hall_quartered_circle, mu_enter_wizlab_3,
          grunt_ministairs_14, nicolae_elf_stair_hall
Vaults:1: nicolae_vaults_rhombus_7, vaults_dpeg_encased_lava,
          grunt_vaults_focal, vaults_room_grunt_arrival_ludios,
          nicolae_vaults_holding_cells
Vaults:2: v_pattern_2, v_rooms_3, nicolae_vaults_what_the_h,
          ontoclasm_vaults_spin, v_misc_23, nicolae_vaults_rhombus_7, v_misc_11,
          dpeg_vaults_monster_box, ontoclasm_vaults_fault,
          ontoclasm_vaults_tryst
Vaults:3: v_misc_8, vaults_room_fours, v_misc_9, vaults_room_corners,
          vaults_room_fours, v_misc_22, nicolae_vaults_ring_of_whatevers,
          nicolae_vaults_border_crossing, vaults_room_stairs_pillars,
          nicolae_vaults_diagonal_hallway_8, hangedman_vaults_snaps,
          minmay_crypt_entry_necro_gods, serial_shops, nicolae_shop_trees
Vaults:4: nicolae_vaults_yaktaur_gun_rack, vaults_room_large_hall,
          nicolae_vaults_meeting, vaults_standard_mumra_lines, v_alt_pattern_1,
          ontoclasm_vaults_decontamination, vaults_mumra_hexcomb, v_misc_12,
          vaults_room_hallway, serial_shops, shop_fountains, uniq_jory,
          uniq_bai_suzhen
Vaults:5: serial_shops, uniq_frederick
Crypt:1:  cheibrodos_crypt_cold_storage
Crypt:2:  lemuel_elevator
Crypt:3:  david_glass_crypt, nicolae_tomb_entry_grand_gallery, uniq_mara
Depths:1: evilmike_negative_zone, evilmike_ruin_ashenzari, grunt_hell_horde,
          serial_bayou_lagoon_b, serial_bayou_shore_a, uniq_saint_roka,
          uniq_enchantress
Depths:2: hangedman_slaughterboxes, hell_entry
Depths:3: nicolae_whirlpool, pan_entry, pf_hell_entry_tar_river, nrook_uturn,
          infiniplex_staircase_split_hallway, uniq_xtahua
Depths:4: kennysheep_bubble_arena, abyss_entry, pf_dread_powers_of_hell,
          rand_demon_pan_entry_5, basic_stair_grate_trap
Depths:5: grunt_zot_entry_funnels, nicolae_wwwww, hell_entry, nrook_mini_vaults
Abyss:3:  evilmike_abyss_exit_plants, abyss_greek_temple,
          evilmike_abyss_rune_siren_acolytes
Pan:      evilmike_mini_pan_pillars
IceCv:    ice_cave_statue_garden_transporter
WizLab:   wizlab_zonguldrok

Skill      XL: |  1  2  3  4  5  6  7  8  9 10 11 12 13 14 15 16 17 18 19 20 21 22 23 24 25 26 27 |
---------------+----------------------------------------------------------------------------------+-----
Stealth        | 3 4 5 |  5.9
Unarmed Combat | 4 5 6 7 8 9 10 12 13 14 15 16 | 16.4
Dodging        | 4 5 6 7 8 9 10 11 12 15 | 15.0
Invocations    | 1 3 5 7 8 10 11 13 14 15 16 | 16.7
Shields        | 1 2 4 5 6 9 12 14 15 16 | 16.9
Fighting       | 4 5 6 7 8 9 10 11 12 13 14 15 17 | 17.3
Spellcasting   | 3 5 6 7 8 9 10 11 13 14 15 16 17 | 17.5
Transmutations | 4 8 10 11 12 | 12.3
Earth Magic    | 4 8 10 11 12 | 12.3
Air Magic      | 2 6 9 11 14 16 18 20 21 22 23 | 23.5
Charms         | 3 4 7 |  7.8

Action                   |  1- 3 |  4- 6 |  7- 9 | 10-12 | 13-15 | 16-18 | 19-21 | 22-24 | 25-27 || total
-------------------------+-------+-------+-------+-------+-------+-------+-------+-------+-------++-------
Melee: Unarmed           |    88 |   126 |   196 |   413 |   856 |   838 |   883 |   622 |  1194 ||  5216
       Tentacles         |    17 |    30 |    63 |   163 |   352 |   253 |   319 |   231 |   466 ||  1894
       Constrict         |    25 |    37 |    54 |    58 |   156 |   134 |   193 |    92 |   132 ||   881
       Punch             |     2 |     4 |    23 |    69 |   219 |   158 |   192 |   123 |   273 ||  1063
       Peck              |       |     4 |    68 |   171 |   373 |   274 |   350 |   232 |       ||  1472
Throw: Throwing net      |       |       |       |       |       |       |     1 |       |       ||     1
 Cast: Statue Form       |       |       |       |       |     2 |    69 |    84 |    59 |   131 ||   345
       Apportation       |       |       |       |       |       |     2 |       |       |     1 ||     3
       Regeneration      |       |       |       |       |       |       |    11 |    13 |    14 ||    38
       Tornado           |       |       |       |       |       |       |     1 |    14 |    53 ||    68
       Blink             |       |       |       |       |       |       |       |     2 |     7 ||     9
       Deflect Missiles  |       |       |       |       |       |       |       |       |     1 ||     1
Invok: Slouch            |       |       |       |     5 |    22 |    21 |    11 |     5 |     3 ||    67
       Step From Time    |       |       |       |       |       |       |     1 |       |       ||     1
Evoke: Wand              |       |       |     3 |     1 |       |    14 |       |       |     1 ||    19
  Use: Scroll            |       |     6 |     8 |     8 |    12 |     6 |     7 |     3 |    11 ||    61
       Potion            |       |     4 |     1 |       |     4 |     1 |     3 |     3 |     8 ||    24
 Stab: Sleeping          |     7 |    17 |    19 |    37 |    33 |     7 |    16 |     2 |    10 ||   148
       Distracted        |       |       |       |     4 |    12 |     4 |     4 |     3 |     5 ||    32
       Petrified         |       |       |       |       |     1 |       |       |       |       ||     1
  Eat: Chunk             |     1 |     8 |     4 |    11 |    13 |    20 |    24 |    10 |     8 ||    99
       Ration            |       |       |       |     1 |     2 |     6 |     3 |     3 |    12 ||    27
Armor: Skin              |    13 |     5 |     8 |    14 |    29 |   533 |   287 |   339 |   440 ||  1668
Dodge: Dodged            |    89 |    86 |    72 |   218 |   620 |  2014 |  1084 |   822 |  1313 ||  6318
       Deflected         |       |       |       |       |       |       |       |       |     7 ||     7
Block: Buckler           |       |       |    86 |   239 |   434 |   977 |   736 |   541 |       ||  3013
       Reflection        |       |       |       |     2 |       |       |       |       |     3 ||     5
       Shield            |       |       |       |       |       |       |       |    17 |  1481 ||  1498

Table legend:
 A = Spawn XP
 B = Non-spawn XP
 C = Spawn XP percentage of total XP
 D = Spawn monster count
 E = Non-spawn monster count
 F = Spawn count percentage of total count
 G = Total turns spent on level
                    A         B        C        D         E        F      G
               +---------+---------+-------+---------+---------+-------+---------
         Total |   40386 | 1463211 |   2.7 |      65 |    2492 |   2.5 | 51467
               +---------+---------+-------+---------+---------+-------+---------
           D:1 |       0 |      54 |   0.0 |       0 |      26 |   0.0 |   826
           D:2 |       0 |      88 |   0.0 |       0 |      23 |   0.0 |  1088
           D:3 |       0 |     178 |   0.0 |       0 |      26 |   0.0 |   919
           D:4 |       0 |     178 |   0.0 |       0 |       3 |   0.0 |   308
           D:5 |       0 |     357 |   0.0 |       0 |      11 |   0.0 |  1464
           D:6 |       0 |     308 |   0.0 |       0 |      12 |   0.0 |   649
           D:7 |       0 |    2708 |   0.0 |       0 |      53 |   0.0 |  1249
           D:8 |       0 |    1456 |   0.0 |       0 |      12 |   0.0 |   597
           D:9 |       0 |    3085 |   0.0 |       0 |      24 |   0.0 |   822
          D:10 |       0 |    3210 |   0.0 |       0 |      22 |   0.0 |   973
          D:11 |       0 |    7062 |   0.0 |       0 |      50 |   0.0 |  1186
          D:12 |       0 |    6120 |   0.0 |       0 |      39 |   0.0 |  1880
          D:13 |       0 |   13496 |   0.0 |       0 |      52 |   0.0 |  1389
          D:14 |       0 |    8810 |   0.0 |       0 |      20 |   0.0 |  1144
          D:15 |       0 |   13117 |   0.0 |       0 |      24 |   0.0 |   765
        Lair:1 |       0 |    2102 |   0.0 |       0 |       9 |   0.0 |   862
        Lair:2 |       0 |    5246 |   0.0 |       0 |      28 |   0.0 |  1221
        Lair:3 |       0 |    6130 |   0.0 |       0 |      33 |   0.0 |   867
        Lair:4 |       0 |    5743 |   0.0 |       0 |      28 |   0.0 |  1354
        Lair:5 |       0 |    9736 |   0.0 |       0 |      44 |   0.0 |  1170
        Lair:6 |       0 |   24827 |   0.0 |       0 |      84 |   0.0 |  1325
       Swamp:1 |       0 |   13660 |   0.0 |       0 |      31 |   0.0 |   756
       Swamp:2 |       0 |   10495 |   0.0 |       0 |      21 |   0.0 |   555
       Swamp:3 |       0 |   21352 |   0.0 |       0 |      56 |   0.0 |   697
       Swamp:4 |       0 |   30208 |   0.0 |       0 |      72 |   0.0 |   729
      Spider:1 |       0 |   28207 |   0.0 |       0 |      73 |   0.0 |   876
      Spider:2 |       0 |   23359 |   0.0 |       0 |      56 |   0.0 |  1055
      Spider:3 |       0 |   10469 |   0.0 |       0 |      20 |   0.0 |   692
      Spider:4 |       0 |   42661 |   0.0 |       0 |     105 |   0.0 |  1011
       Slime:1 |       0 |   19114 |   0.0 |       0 |      31 |   0.0 |   240
       Slime:2 |       0 |    5495 |   0.0 |       0 |      13 |   0.0 |    45
       Slime:3 |       0 |   19823 |   0.0 |       0 |      28 |   0.0 |   134
       Slime:4 |       0 |    4538 |   0.0 |       0 |      16 |   0.0 |   191
       Slime:5 |       0 |   56454 |   0.0 |       0 |      44 |   0.0 |   728
         Orc:1 |       0 |     176 |   0.0 |       0 |       5 |   0.0 |   364
         Orc:2 |       0 |   19355 |   0.0 |       0 |      75 |   0.0 |  2443
         Elf:1 |       0 |   30576 |   0.0 |       0 |      51 |   0.0 |   788
         Elf:2 |       0 |    9443 |   0.0 |       0 |      18 |   0.0 |   440
         Elf:3 |    1258 |   72869 |   1.7 |       2 |      83 |   2.4 |  1424
      Vaults:1 |       0 |   43133 |   0.0 |       0 |      73 |   0.0 |  1427
      Vaults:2 |       0 |   52858 |   0.0 |       0 |      91 |   0.0 |  1093
      Vaults:3 |       0 |   26649 |   0.0 |       0 |      54 |   0.0 |  1086
      Vaults:4 |       0 |   57346 |   0.0 |       0 |      62 |   0.0 |  1389
      Vaults:5 |       0 |  125338 |   0.0 |       0 |     116 |   0.0 |  1197
       Crypt:1 |       0 |   38282 |   0.0 |       0 |      48 |   0.0 |   718
       Crypt:2 |       0 |   33152 |   0.0 |       0 |      49 |   0.0 |   714
       Crypt:3 |       0 |   53033 |   0.0 |       0 |      50 |   0.0 |   713
      Depths:1 |       0 |   95346 |   0.0 |       0 |     133 |   0.0 |  1336
      Depths:2 |       0 |  132841 |   0.0 |       0 |      84 |   0.0 |  1492
      Depths:3 |       0 |   56449 |   0.0 |       0 |      67 |   0.0 |  1102
      Depths:4 |     220 |   78709 |   0.3 |       1 |      69 |   1.4 |  1253
      Depths:5 |       0 |   68198 |   0.0 |       0 |      54 |   0.0 |   926
       Abyss:1 |   23479 |   12619 |  65.0 |      35 |      38 |  47.9 |   730
       Abyss:2 |     574 |       0 | 100.0 |       1 |       0 | 100.0 |    68
       Abyss:3 |   14855 |   21394 |  41.0 |      26 |      28 |  48.1 |   549
           Pan |       0 |   15047 |   0.0 |       0 |      15 |   0.0 |    23
         IceCv |       0 |    1319 |   0.0 |       0 |       7 |   0.0 |    68
        WizLab |       0 |   19233 |   0.0 |       0 |      33 |   0.0 |   302
               +---------+---------+-------+---------+---------+-------+---------
